 Dungeon Crawl Stone Soup version 0.31-a0-1068-g5939ac1fb6 (webtiles) character file.

Game seed: 11433456202439074300

286 Chiseanne the Trooper (level 6, 51/51 HPs)
             Began as a Demonspawn Wanderer on Nov 24, 2023.
             Was an Initiate of Gozag.
             Quit the game on level 3 of the Dungeon.
             The game lasted 00:05:52 (1924 turns).

Chiseanne the Trooper (Demonspawn Wanderer)         Turns: 1924, Time: 00:05:53

Health: 51/51      AC: 13    Str: 16    XL:     6   Next: 8%
Magic:  6/6        EV:  8    Int: 10    God:    Gozag
Gold:   201        SH:  8    Dex: 14    Spells: 5/5 levels left

rFire   + . .        s - +1 dagger (elec)
rCold   . . .        h - +0 kite shield
rNeg    . . .        e - +2 scale mail
rPois   .            p - +0 helmet
rElec   .            (no cloak)
rCorr   .            l - +2 pair of gloves
SInv    .            (no boots)
Will    .....        (no amulet) Stlth
                     f - ring of protection from fire
HPRegen 0.28/turn    (no ring)
MPRegen 0.10/turn

%: no passive effects
@: gold aura
A: claws 1, powered by pain 2
a: Renounce Religion, Potion Petition, Call Merchant, Bribe Branch


You were on level 3 of the Dungeon.
You worshipped Gozag.
Gozag was aware of your devotion.
You visited 1 branch of the dungeon, and saw 3 of its levels.

You collected 241 gold pieces.
You paid 40 gold pieces to Gozag.

Inventory:

Hand Weapons
 a - a +0 hand axe
 s - a +1 dagger of electrocution (weapon)
Missiles
 g - 11 stones
Armour
 e - a +2 scale mail (worn)
 h - a +0 kite shield (worn)
 l - a +2 pair of gloves (worn)
 p - a +0 helmet (worn)
Jewellery
 f - a ring of protection from fire (left hand)
Scrolls
 d - 2 scrolls of fear
 k - a scroll of identify
 m - a scroll of revelation
Potions
 b - a potion of attraction
 c - a potion of lignification
 i - a potion of curing
 j - a potion of might
 n - a potion of cancellation
 o - a potion of enlightenment {unknown}


   Skills:
 * Level 5.1 Fighting
 * Level 3.9 Armour
 * Level 2.9 Dodging
 * Level 2.2 Shields
 - Level 1.0 Unarmed Combat
 - Level 1.0 Evocations


You had 5 spell levels left.
You didn't know any spells.
Your spell library was empty.

Dungeon Overview and Level Annotations

Branches:
Dungeon (3/15)

Altars:
Gozag


Innate Abilities, Weirdness & Mutations

You have sharp fingernails.
You sometimes gain power by taking damage.


Message History

Jessica is moderately wounded.
Jessica completely misses you.
You hit Jessica but do no damage.
Jessica is moderately wounded.
Jessica closely misses you. You block Jessica's attack.
You closely miss Jessica.
Jessica is moderately wounded.
Jessica completely misses you.
You barely miss Jessica.
Jessica is moderately wounded.
You block Jessica's attack. x2
You hear the crackle of electricity.
s - a +1 dagger of electrocution (weapon)
You hit Jessica.
Jessica is heavily wounded.
You block Jessica's attack.
You hit Jessica.
Jessica is heavily wounded.
Jessica hits you but does no damage. You block Jessica's attack.
You hit Jessica.
Jessica is severely wounded.
Jessica mumbles some strange words.
Jessica blinks!
You close the door.
You start waiting.
Jessica the Apprentice Sorceress opens the door.
She is wielding a +0 dagger.
Jessica hits you but does no damage.
There is an open door here.
You hit Jessica.
Jessica is almost dead.
You block Jessica's attack.
You hit Jessica but do no damage. Lightning courses through Jessica!
You kill Jessica!
You have reached level 6!
Your demonic ancestry asserts itself...
Your fingernails lengthen.
You now have 201 gold pieces (gained 8).
Things that are here:
a +0 dagger; a +0 robe Are you sure you want to abandon this character and quit the game? (Confirm with "yes".)

##........##.###....##.##...#
##..##..##.#### #..#..#.#..#..
#.#.###.##.# #..##.....##..
#.#.....##.# #......_......
#.#..##.##.# #)..##.....##..
##...#.###<# #....#..#.#..#..
##...#.##.###.......##.##...#
######......รท.##.............)...
...............'@........+.......
#######.#...####.........#.##...#
#.#...## ##....... #.###.##
##.##)# #.....# #.. ... ####)#
#...## #.## #)# ..... #.# #)# .###
#.# #.# .# .# #)#


There were no monsters in sight!

Vanquished Creatures
  Sigmund (D:2)
  Jessica (D:3)
  Robin (D:3)
  An adder (D:3)
  A gnoll (D:1)
  A worm (D:2)
  2 dart slugs
  7 ball pythons
  7 bats
  3 endoplasms
  2 giant cockroaches (D:1)
  10 goblins (D:3)
  7 hobgoblins
  3 jackals (D:1)
  4 quokkas
  2 frilled lizards
  4 kobolds
  5 rats
62 creatures vanquished.

Notes
Turn   | Place    | Note
-------+----------+-------------------------------------------
     0 | D:1      | Chiseanne the Demonspawn Wanderer began the quest for the
                  | Orb.
     0 | D:1      | Chiseanne set off with the following items: a +0 club, a
                  | potion of attraction, a potion of lignification, a scroll
                  | of fear, a +2 scale mail.
     0 | D:1      | Reached XP level 1. HP: 19/19 MP: 1/1
    80 | D:1      | Gained mutation: You sometimes gain a little power by
                  | taking damage. [demonic ancestry]
    80 | D:1      | Reached XP level 2. HP: 23/25 MP: 2/2
   385 | D:1      | Gained mutation: You sometimes gain power by taking damage.
                  | [demonic ancestry]
   385 | D:1      | Reached XP level 3. HP: 25/30 MP: 3/3
   679 | D:1      | You fall into a shaft and drop 1 floor!
  1105 | D:2      | Noticed Sigmund
  1161 | D:2      | Killed Sigmund
  1162 | D:2      | Reached skill level 1 in Shields
  1162 | D:2      | Reached XP level 4. HP: 31/38 MP: 4/4
  1162 | D:2      | Reached XP level 5. HP: 35/43 MP: 5/5
  1467 | D:2      | Reached skill level 5 in Fighting
  1718 | D:3      | Found an opulent altar of Gozag.
  1726 | D:3      | Became a worshipper of Gozag Ym Sagoz the Greedy
  1802 | D:3      | Noticed Robin
  1819 | D:3      | Killed Robin
  1895 | D:3      | Noticed Jessica
  1921 | D:3      | Killed Jessica
  1922 | D:3      | Gained mutation: You have sharp fingernails. [demonic
                  | ancestry]
  1922 | D:3      | Reached XP level 6. HP: 51/51 MP: 6/6
  1924 | D:3      | Quit the game

Illustrated notes

Levels and vault maps discovered:
D:1:      spicycebolla_green_bress_n_ham, layout_loops_ring,
          serial_bayou_pond_a, wad_floor_pattern_untrapped
D:2:      layout_basic, uniq_sigmund
D:3:      layout_loops_corners, lemuel_zombie_altar_yredelemnul,
          mainiacjoe_overflow_small_starburst,
          shapermc_ecumenical_altar_mp_ritualfount, minmay_quantized,
          uniq_jessica, uniq_robin, uniq_ijyb

Skill      XL: |  1  2  3  4  5 |
---------------+----------------+-----
Armour         | 3 |  3.9
Dodging        | 2 |  2.9
Shields        | 1 2 |  2.2
Fighting       | 5 |  5.1
Unarmed Combat | |  1.0
Evocations     | |  1.0

Action                     |  1- 3 |  4- 6 || total
---------------------------+-------+-------++-------
  Melee: Hand axe          |   140 |   106 ||   246
         Dagger            |       |     5 ||     5
    Use: Scroll            |     3 |     3 ||     6
 Armour: Scale mail        |   134 |    53 ||   187
  Dodge: Dodged            |   101 |    42 ||   143
  Block: Kite shield       |    64 |    41 ||   105

Table legend: (Time is in decaauts)
 A = Elapsed time spent in this place.
 B = Non-inter-level travel time spent in this place.
 C = Inter-level travel time spent in this place.
 D = Time resting spent in this place.
 E = Time spent auto-exploring this place.
 F = Levels seen in this place.
 G = Mean time per level.
                   A        B        C        D        E       F      G
               +--------+--------+--------+--------+--------+-----+--------+
         Total |   2036 |   1999 |     37 |    171 |   1146 |   3 |  678.7 |
       Dungeon |   2036 |   1999 |     37 |    171 |   1146 |   3 |  678.7 |
               +--------+--------+--------+--------+--------+-----+--------+

Top non-repeatable levels by time:
     D:1: 914 daAuts
     D:2: 839 daAuts
     D:3: 282 daAuts
